EL
JACKSONVILLE SUNS @ PENSACOLA BLUE WAHOOS
08/06/2044
 
TOP OF THE 1ST
Jacksonville Suns batting - Pitching for Pensacola Blue Wahoos : LHP Mario Arango
Pitching: LHP Mario Arango
Batting: LHB Jose Cabello 0-0: Called Strike
0-1: SINGLE (Line Drive, 78M, EV 96.3 MPH)
Batting: RHB Mike Gar 0-0: Called Strike
0-1: 2-RUN HOME RUN (Flyball, 78XD, EV 103.1 MPH), Distance : 402 ft
Batting: RHB Akira Suzuki 0-0: Called Strike
0-1: Called Strike
0-2: Ball
1-2: Ball
2-2: Foul Ball, location: 2F
2-2: Ball
3-2: Foul Ball, location: 2F
3-2: Foul Ball, location: 2F
3-2: Ground out 4-3 (Groundball, 4, EV 101.3 MPH)
Batting: RHB German Mendoza 0-0: Ball
1-0: DOUBLE (Line Drive, 7LM, EV 97.5 MPH)
Batting: RHB Wilson Valdez 0-0: Called Strike
0-1: Ball
1-1: Ball
2-1: Fly out, F9 (Flyball, 89XD, EV 92.5 MPH)
Runner from 2nd tags up, SAFE at 3rd, no throw by RF
Batting: RHB Marco Sianez 0-0: Called Strike
0-1: Foul Ball, location: 2F
0-2: Fly out, F5 (Line Drive, 5, EV 66.9 MPH)
Top of the 1st over - 2 runs, 3 hits, 0 errors, 1 left on base; Jacksonville 2 - Pensacola 0
BOTTOM OF THE 1ST
Pensacola Blue Wahoos batting - Pitching for Jacksonville Suns : RHP Nick Newmaster
Pitching: RHP Nick Newmaster
Batting: RHB Solange Le Coq 0-0: Ball
1-0: Called Strike
1-1: Ball
2-1: Ball
3-1: Swinging Strike
3-2: Ground out 6-3 (Groundball, 6, EV 89.4 MPH)
Batting: RHB Tim Wormell 0-0: SINGLE (Line Drive, 78S, EV 95.6 MPH)
Batting: RHB Joseph Kirchmann 0-0: Ball
Pickoff Throw to First - Out! 1-3
1-0: Ball
2-0: Ball
3-0: Base on Balls
Batting: LHB Steven Wamble 0-0: Called Strike
Joseph Kirchmann is caught stealing 2nd base 2-6
Bottom of the 1st over - 0 runs, 1 hit, 0 errors, 0 left on base; Jacksonville 2 - Pensacola 0
TOP OF THE 2ND
Jacksonville Suns batting - Pitching for Pensacola Blue Wahoos : LHP Mario Arango
Batting: RHB Manny Gonzalez 0-0: Called Strike
0-1: Foul Ball, location: 2F
0-2: Ball
1-2: Ball
2-2: Ball
3-2: Base on Balls
Batting: LHB Jimmy Hannon 0-0: Ball
Wild Pitch!
Manny Gonzalez to second
1-0: Called Strike
1-1: Ball
2-1: Swinging Strike
2-2: Foul Ball, location: 2F
2-2: Ball
3-2: Strikes out swinging
Batting: SHB Yoo-chul Jung 0-0: Ball
1-0: Ball
2-0: Ball
3-0: Called Strike
3-1: Base on Balls
Batting: LHB Jose Cabello 0-0: Ball
1-0: Grounds into double play, 3-6-1 (Groundball, 34S, EV 86.9 MPH)
Top of the 2nd over - 0 runs, 0 hits, 0 errors, 1 left on base; Jacksonville 2 - Pensacola 0
BOTTOM OF THE 2ND
Pensacola Blue Wahoos batting - Pitching for Jacksonville Suns : RHP Nick Newmaster
Batting: LHB Steven Wamble 0-0: Ball
1-0: Swinging Strike
1-1: Ball
2-1: Swinging Strike
2-2: Fly out, F8 (Flyball, 8RXD, EV 96.9 MPH)
Batting: RHB Ricky Carbajal 0-0: Ball
1-0: SINGLE (Groundball, 6S, EV 69.4 MPH) (infield hit)
Batting: RHB David Clough 0-0: Ball
Ricky Carbajal steals 2nd base
1-0: Called Strike
1-1: Ball
2-1: Ball
3-1: Base on Balls
Batting: RHB Pedro Pinero 0-0: Called Strike
Ricky Carbajal steals 3rd base
0-1: Fly out, F5 (Line Drive, 5, EV 64.4 MPH)
Batting: RHB Jon Marquez 0-0: Ball
1-0: Ball
2-0: Ball
3-0: Base on Balls
David Clough to second
Batting: RHB Jose Caraballo 0-0: Called Strike
0-1: Fly out, F8 (Flyball, 78D, EV 94.4 MPH)
Bottom of the 2nd over - 0 runs, 1 hit, 0 errors, 3 left on base; Jacksonville 2 - Pensacola 0
TOP OF THE 3RD
Jacksonville Suns batting - Pitching for Pensacola Blue Wahoos : LHP Mario Arango
Batting: RHB Mike Gar 0-0: Called Strike
0-1: Called Strike
0-2: Strikes out swinging
Batting: RHB Akira Suzuki 0-0: Foul Ball, location: 2F
0-1: Foul Ball, location: 2F
0-2: Ball
1-2: Foul Ball, location: 2F
1-2: Foul Ball, location: 2F
1-2: Ball
2-2: Foul Ball, location: 2F
2-2: Foul Ball, location: 2F
2-2: Ground out 6-3 (Groundball, 6, EV 84.4 MPH)
Batting: RHB German Mendoza 0-0: Called Strike
0-1: Called Strike
0-2: Strikes out looking
Top of the 3rd over - 0 runs, 0 hits, 0 errors, 0 left on base; Jacksonville 2 - Pensacola 0
BOTTOM OF THE 3RD
Pensacola Blue Wahoos batting - Pitching for Jacksonville Suns : RHP Nick Newmaster
Batting: RHB Solange Le Coq 0-0: Called Strike
0-1: Ball
1-1: Foul Ball, location: 2F
1-2: Ball
2-2: Hit by Pitch
Batting: RHB Tim Wormell 0-0: Ball
Solange Le Coq steals 2nd, throwing error, E2
Solange Le Coq to third
1-0: Ball
2-0: Ball
3-0: Called Strike
3-1: TRIPLE (Flyball, 78XD, EV 103.8 MPH)
Solange Le Coq scores
Batting: RHB Joseph Kirchmann 0-0: Ball
1-0: Called Strike
1-1: Ground out 6-3 (Groundball, 6, EV 96.3 MPH)
Tim Wormell scores
Batting: LHB Steven Wamble 0-0: Ground out 5-3 (Groundball, 5L, EV 102.5 MPH)
Batting: RHB Ricky Carbajal 0-0: Ball
1-0: Called Strike
1-1: Called Strike
1-2: Ball
2-2: Ground out 1-3 (Groundball, 15S, EV 67.5 MPH)
Bottom of the 3rd over - 2 runs, 1 hit, 1 error, 0 left on base; Jacksonville 2 - Pensacola 2
TOP OF THE 4TH
Jacksonville Suns batting - Pitching for Pensacola Blue Wahoos : LHP Mario Arango
Batting: RHB Wilson Valdez 0-0: Called Strike
0-1: Ball
1-1: Called Strike
1-2: Ball
2-2: Ball
3-2: DOUBLE (Line Drive, 9LM, EV 92.5 MPH)
Batting: RHB Marco Sianez 0-0: SINGLE (Groundball, 56D, EV 105.0 MPH)
Wilson Valdez to third
Batting: RHB Manny Gonzalez 0-0: Ball
1-0: Called Strike
1-1: Called Strike
1-2: Fly out, F7 (Flyball, 7LS, EV 90.0 MPH)
Batting: LHB Jimmy Hannon 0-0: Ball
1-0: Called Strike
1-1: Ball
2-1: Grounds into double play, 6-4-3 (Groundball, 6, EV 104.4 MPH)
Top of the 4th over - 0 runs, 2 hits, 0 errors, 1 left on base; Jacksonville 2 - Pensacola 2
BOTTOM OF THE 4TH
Pensacola Blue Wahoos batting - Pitching for Jacksonville Suns : RHP Nick Newmaster
Batting: RHB David Clough 0-0: Ball
1-0: SINGLE (Line Drive, 8LS, EV 103.1 MPH)
Batting: RHB Pedro Pinero 0-0: Ball
1-0: Foul Ball, location: 2F
1-1: Ball
2-1: Called Strike
2-2: Ball
3-2: Base on Balls
David Clough to second
Batting: RHB Jon Marquez 0-0: Ball
1-0: Foul Ball, location: 2F
1-1: Ball
2-1: Swinging Strike
2-2: Strikes out swinging
Batting: RHB Jose Caraballo 0-0: Called Strike
0-1: SINGLE (Groundball, 34D, EV 97.5 MPH)
David Clough to third
Pedro Pinero to second
Batting: RHB Solange Le Coq 0-0: Ball
1-0: Fly out, F9 (Flyball, 9D, EV 96.9 MPH)
Runner from 3rd tags up, SCORES, throw by RF
Pedro Pinero to third
Pitching: RHP Stefan Snel
Batting: RHB Tim Wormell 0-0: Ball
Jose Caraballo is caught stealing 2nd base 2-4
Bottom of the 4th over - 1 run, 2 hits, 0 errors, 1 left on base; Jacksonville 2 - Pensacola 3
TOP OF THE 5TH
Jacksonville Suns batting - Pitching for Pensacola Blue Wahoos : LHP Mario Arango
Batting: SHB Yoo-chul Jung 0-0: Ball
1-0: Called Strike
1-1: Ball
2-1: Foul Ball, location: 2F
2-2: Ball
3-2: Base on Balls
Batting: LHB Jose Cabello 0-0: Foul Ball, location: 2F
0-1: Foul Ball, location: 2F
0-2: Strikes out swinging
Batting: RHB Mike Gar 0-0: Ball
1-0: Ball
2-0: Ball
3-0: Base on Balls
Yoo-chul Jung to second
Batting: RHB Akira Suzuki 0-0: Fly out, F7 (Flyball, 78S, EV 83.8 MPH)
Batting: RHB German Mendoza 0-0: Called Strike
0-1: Ball
1-1: Swinging Strike
1-2: Strikes out swinging
Top of the 5th over - 0 runs, 0 hits, 0 errors, 2 left on base; Jacksonville 2 - Pensacola 3
BOTTOM OF THE 5TH
Pensacola Blue Wahoos batting - Pitching for Jacksonville Suns : RHP Stefan Snel
Batting: RHB Tim Wormell 0-0: Ground out 6-3 (Groundball, 6, EV 85.0 MPH)
Batting: RHB Joseph Kirchmann 0-0: Ball
1-0: Foul Ball, location: 2F
1-1: Swinging Strike
1-2: Ball
2-2: Foul Ball, location: 2F
2-2: Fly out, F9 (Flyball, 9LS, EV 91.3 MPH)
Batting: LHB Steven Wamble 0-0: Ball
1-0: Fly out, F8 (Flyball, 8RD, EV 80.0 MPH)
Bottom of the 5th over - 0 runs, 0 hits, 0 errors, 0 left on base; Jacksonville 2 - Pensacola 3
TOP OF THE 6TH
Jacksonville Suns batting - Pitching for Pensacola Blue Wahoos : LHP Mario Arango
Batting: RHB Wilson Valdez 0-0: Ball
1-0: Called Strike
1-1: Ball
2-1: Swinging Strike
2-2: Foul Ball, location: 2F
2-2: Strikes out looking
Batting: RHB Marco Sianez 0-0: Ball
1-0: Swinging Strike
1-1: Called Strike
1-2: DOUBLE (Groundball, 5L, EV 98.1 MPH)
Pinch Runner at 2nd Juan Solorzano:
Batting: RHB Manny Gonzalez 0-0: Foul Ball, location: 2F
0-1: Foul Ball, location: 2F
0-2: Ball
1-2: Ball
2-2: Foul Ball, location: 2F
2-2: Foul Ball, location: 2F
2-2: Ball
3-2: Strikes out swinging
Pitching: RHP Chris Stewart
Batting: LHB Jimmy Hannon 0-0: Ball
1-0: Swinging Strike
1-1: Ball
2-1: Swinging Strike
2-2: Ball
3-2: SINGLE (Groundball, 4MD, EV 98.8 MPH)
Juan Solorzano to third
Runner from 3rd tries for Home, SAFE, throw by CF to home
Now in CF: Ricky Carbajal
Now in RF: Jason Pirkle
Batting: SHB Yoo-chul Jung 0-0: Ball
1-0: Swinging Strike
1-1: Foul Ball, location: 2F
1-2: Ball
2-2: Ground out 4-3 (Groundball, 4S, EV 86.9 MPH)
Top of the 6th over - 1 run, 2 hits, 0 errors, 1 left on base; Jacksonville 3 - Pensacola 3
BOTTOM OF THE 6TH
Pensacola Blue Wahoos batting - Pitching for Jacksonville Suns : RHP Stefan Snel
Now at SS: Rick Fell
Batting: RHB Ricky Carbajal 0-0: Called Strike
0-1: Ball
1-1: Ball
2-1: Ball
3-1: DOUBLE (Flyball, 8RXD, EV 101.3 MPH)
Pitching: RHP Pedro Taveras
Batting: RHB David Clough 0-0: Hit by Pitch
Batting: RHB Pedro Pinero 0-0: Ball
1-0: Fly out, F7 (Flyball, 7LM, EV 104.4 MPH)
Runner from 2nd tags up, SAFE at 3rd with throw by LF
Batting: RHB Jon Marquez Pickoff Throw to First - Out! 1-3
0-0: Intentional Walk
Batting: RHB Jose Caraballo 0-0: Ball
1-0: Ball
2-0: Called Strike
2-1: Fielders Choice at 2nd, 5-4 (Groundball, 5, EV 83.1 MPH)
Bottom of the 6th over - 0 runs, 1 hit, 0 errors, 2 left on base; Jacksonville 3 - Pensacola 3
TOP OF THE 7TH
Jacksonville Suns batting - Pitching for Pensacola Blue Wahoos : RHP Chris Stewart
Batting: LHB Jose Cabello 0-0: Ball
1-0: Called Strike
1-1: SINGLE (Line Drive, 78M, EV 91.3 MPH)
Batting: RHB Mike Gar 0-0: Ball
1-0: Bunted foul
1-1: Called Strike
1-2: Fielders Choice at 2nd, 1-4 (Groundball, 25, EV 61.3 MPH)
Batting: RHB Akira Suzuki 0-0: Ball
1-0: Swinging Strike
1-1: Ball
2-1: Foul Ball, location: 2F
2-2: SINGLE (Groundball, 4D, EV 103.1 MPH)
Mike Gar to second
Batting: RHB German Mendoza 0-0: Called Strike
0-1: Swinging Strike
0-2: Strikes out swinging
Batting: RHB Wilson Valdez 0-0: Called Strike
0-1: Ball
1-1: Ball
2-1: Swinging Strike
2-2: Ball
3-2: Ground out 4-3 (Groundball, 4S, EV 89.4 MPH)
Top of the 7th over - 0 runs, 2 hits, 0 errors, 2 left on base; Jacksonville 3 - Pensacola 3
BOTTOM OF THE 7TH
Pensacola Blue Wahoos batting - Pitching for Jacksonville Suns : RHP Pedro Taveras
Batting: LHB Jason Pirkle 0-0: Ball
1-0: Called Strike
1-1: Ball
2-1: Foul Ball, location: 2F
2-2: DOUBLE (Line Drive, 7LM, EV 108.1 MPH)
Batting: RHB Tim Wormell 0-0: Ground out 4-3 (Groundball, 4, EV 75.6 MPH)
Jason Pirkle to third
Batting: RHB Joseph Kirchmann 0-0: Intentional Walk
Batting: LHB Steven Wamble 0-0: Ball
1-0: Called Strike
Joseph Kirchmann steals 2nd base
1-1: Ball
2-1: Foul Ball, location: 2F
2-2: Strikes out swinging
Batting: RHB Ricky Carbajal 0-0: Called Strike
0-1: Ball
1-1: Fly out, F7 (Flyball, 78S, EV 86.9 MPH)
Bottom of the 7th over - 0 runs, 1 hit, 0 errors, 2 left on base; Jacksonville 3 - Pensacola 3
TOP OF THE 8TH
Jacksonville Suns batting - Pitching for Pensacola Blue Wahoos : RHP Chris Stewart
Pitching: RHP Brad Barnhart
Batting: RHB Rick Fell 0-0: Called Strike
0-1: Ball
1-1: Swinging Strike
1-2: TRIPLE (Line Drive, 9LD, EV 103.8 MPH)
Batting: RHB Manny Gonzalez 0-0: Ball
1-0: Ball
2-0: Fly out, F7 (Flyball, 7LM, EV 76.3 MPH)
Runner from 3rd tags up, OUT at HOME! 7-2
Batting: LHB Jimmy Hannon 0-0: Ground out 4-3 (Groundball, 34, EV 100.0 MPH)
Top of the 8th over - 0 runs, 1 hit, 0 errors, 0 left on base; Jacksonville 3 - Pensacola 3
BOTTOM OF THE 8TH
Pensacola Blue Wahoos batting - Pitching for Jacksonville Suns : RHP Pedro Taveras
Pitching: LHP Will Devitt
Batting: RHB David Clough 0-0: Called Strike
0-1: Swinging Strike
0-2: Ground out 4-3 (Groundball, 13, EV 91.9 MPH)
Batting: RHB Pedro Pinero 0-0: Ball
1-0: Foul Ball, location: 2F
1-1: Called Strike
1-2: Foul Ball, location: 2F
1-2: Ball
2-2: Foul Ball, location: 2F
2-2: Hit by Pitch
Batting: RHB Jon Marquez 0-0: Called Strike
Pedro Pinero steals 2nd base
0-1: SINGLE (Flyball, 34D, EV 92.5 MPH)
Pedro Pinero to third
Batting: RHB Jose Caraballo 0-0: Ball
1-0: Ball
2-0: Ground out U3 (Groundball, 34, EV 88.1 MPH)
Jon Marquez to second
Pinch Hitting: LHB Manny Ruvalcaba 0-0: DOUBLE (Line Drive, 78D, EV 101.9 MPH)
Pedro Pinero scores
Jon Marquez scores
Batting: RHB Tim Wormell 0-0: Called Strike
0-1: Ground out 5-3 (Groundball, 56, EV 88.1 MPH)
Bottom of the 8th over - 2 runs, 2 hits, 0 errors, 1 left on base; Jacksonville 3 - Pensacola 5
TOP OF THE 9TH
Jacksonville Suns batting - Pitching for Pensacola Blue Wahoos : RHP Brad Barnhart
Now at 3B: Pedro Pinero
Now at SS: James Himes
Now in RF: Manny Ruvalcaba
Batting: SHB Yoo-chul Jung 0-0: Fly out, F8 (Flyball, 8LM, EV 85.6 MPH)
Batting: LHB Jose Cabello 0-0: Called Strike
0-1: Hit by Pitch
Batting: RHB Mike Gar 0-0: Ball
1-0: Ball
2-0: Ball
3-0: Called Strike
3-1: SINGLE (Line Drive, 89M, EV 87.5 MPH)
Jose Cabello to second
Batting: RHB Akira Suzuki 0-0: Ball
1-0: Foul Ball, location: 2F
1-1: Called Strike
1-2: Ball
2-2: Foul Ball, location: 2F
2-2: Foul Ball, location: 2F
2-2: Foul Ball, location: 2F
2-2: Ball
3-2: Foul Ball, location: 2F
3-2: SINGLE (Groundball, 6D, EV 110.0 MPH)
Jose Cabello to third
Mike Gar to second
Batting: RHB German Mendoza 0-0: Foul Ball, location: 2F
0-1: Fly out, F8 (Flyball, 8LS, EV 95.0 MPH)
Pinch Hitting: LHB Jeff Tavella 0-0: Ball
1-0: Ball
2-0: Ball
3-0: Base on Balls
Jose Cabello scores
Mike Gar to third
Akira Suzuki to second
Batting: RHB Rick Fell 0-0: Called Strike
0-1: Ball
1-1: Reached on error, E6 (Groundball, 6, EV 81.9 MPH)
Mike Gar scores
Akira Suzuki to third
Jeff Tavella to second
Batting: RHB Manny Gonzalez 0-0: Called Strike
0-1: Swinging Strike
0-2: Foul Ball, location: 2F
0-2: Ground out 4-3 (Groundball, 4, EV 104.4 MPH)
Top of the 9th over - 2 runs, 2 hits, 1 error, 3 left on base; Jacksonville 5 - Pensacola 5
BOTTOM OF THE 9TH
Pensacola Blue Wahoos batting - Pitching for Jacksonville Suns : LHP Will Devitt
Pitching: RHP Tim Sherrill
Now at C: Emilio Cordero
Batting: RHB Joseph Kirchmann 0-0: SOLO HOME RUN (Flyball, 7D, EV 99.4 MPH), Distance : 387 ft
Bottom of the 9th over - 1 run, 1 hit, 0 errors, 0 left on base; Jacksonville 5 - Pensacola 6
Game Over ... Pensacola defeats Jacksonville, 6 to 5
Thursday, March 31st , 2022 - OOTP Baseball 22.12 Build 89